Map: Alcyone LE

Players

A.I. 1 (Very Easy)

  • Race: Protoss Protoss
  • Spawn Location: 1:00

Falconer - Winner!

  • Race: Zerg Zerg
  • Spawn Location: 7:00

VOD

Have the link to the VOD?

Description

Time

  • Played on: Nov. 7, 2023, 6:43 p.m.
  • Length: 12:44
Show
View Real Time Build Order
Export as new Build Order

A.I. 1 (Very Easy) Protoss 

Build Orders:  

Get SALT Encoding   

  12  0:00  Probe  
  13  0:13  Probe  
  14  0:19  Pylon  
  14  0:37  Assimilator  
  14  0:42  Gateway  
  14  0:45  Pylon  
  14  1:14  Assimilator  
  14  1:21  Zealot  
  14  1:22  Probe  
  14  1:30  Probe  
  17  1:33  Cybernetics Core  
  18  1:40  Probe  
  19  1:52  Probe  
  20  1:59  Warp Gate  
  20  2:01  Probe  
  21  2:09  Probe  
  22  2:41  Stalker  
  24  7:09  Probe  
  24  7:14  Adept  
  24  7:15  Pylon  
  27  7:17  Robotics Facility, Probe  
  27  7:20  Nexus  
  28  7:26  Probe  
  29  7:34  Probe  
  30  7:50  Probe  
  26  8:05  Observer  
  27  8:11  Zealot  
  29  8:20  Observer  
  30  8:32  Probe  
  31  8:37  Probe  
  32  8:43  Assimilator  
  32  8:46  Assimilator  
  32  8:47  Probe  
  33  8:50  Probe  
  34  9:01  Probe  
  35  9:08  Stalker, Probe  
  38  9:15  Probe  
  39  9:22  Probe  
  40  9:26  Probe  
  41  9:37  Probe  
  42  9:40  Probe  
  43  9:51  Probe  
  44  9:58  Probe  
  45  10:05  Probe  
  46  10:12  Probe  
  47  10:16  Pylon  
  47  10:20  Probe  
  48  11:45  Stalker  
  48  11:48  Probe  
  48  11:49  Pylon  
  35  12:00  Probe  
  18  12:08  Probe  
  19  12:14  Pylon  
  22  12:17  Probe  
Show
View Real Time Build Order
Export as new Build Order

Falconer Zerg - Winner!

Build Orders: Pool First 

Get SALT Encoding   

  12  0:00  Drone  
  13  0:12  Overlord  
  13  0:17  Drone  
  14  0:31  Drone x2  
  16  0:40  Drone  
  17  0:44  Spawning Pool  
  17  0:48  Drone  
  17  1:09  Hatchery  
  16  1:13  Drone  
  17  1:26  Drone x2  
  17  1:27  Extractor  
  17  1:30  Queen  
  20  1:35  Drone  
  21  1:40  Overlord  
  21  1:50  Drone  
  22  2:03  Drone  
  23  2:14  Queen  
  25  2:15  Overlord  
  25  2:22  Drone  
  26  2:30  Queen  
  26  2:33  Drone x2  
  26  2:34  Drone  
  31  2:44  Overlord  
  31  2:46  Drone  
  31  2:47  Drone x2  
  31  2:51  Drone  
  35  3:07  Drone x3  
  35  3:08  Roach Warren  
  37  3:19  Overlord  
  37  3:20  Overlord  
  37  3:26  Lair  
  37  3:30  Extractor  
  37  3:32  Overlord  
  37  3:33  Drone x6  
  37  3:34  Drone  
  43  3:52  Extractor  
  42  4:21  Roach x4  
  42  4:22  Roach x5  
  60  4:27  Overlord x3  
  60  4:33  Evolution Chamber  
  59  4:49  Glial Reconstitution  
  59  4:58  Roach x4  
  59  4:59  Roach x6  
  79  5:15  Hatchery  
  78  5:33  Overlord x3  
  78  5:35  Roach x7  
  92  5:57  Zerg Melee Weapons Level 1  
  92  6:10  Drone x4  
  92  6:11  Drone x2  
  98  6:16  Drone x3, Extractor  
  100  6:35  Overlord  
  100  6:36  Overlord x3  
  100  6:37  Roach  
  100  6:38  Roach x6  
  114  7:10  Drone x12, Overlord  
  114  7:11  Overlord x2  
  114  7:14  Extractor  
  125  7:17  Drone  
  126  7:23  Queen  
  128  7:39  Overlord x4  
  128  7:41  Roach x6  
  140  7:51  Zerg Ground Armor Level 1  
  140  8:15  Overlord x4  
  140  8:19  Roach  
  146  8:20  Roach x12  
  168  8:55  Roach  
  168  8:56  Roach x12  
  192  9:27  Queen  
  192  9:28  Hatchery  
  192  9:30  Queen  
  195  9:45  Zerg Melee Weapons Level 2  
  195  10:34  Roach x2  
  199  10:37  Drone  
Tags
 
Matchup
PvZ
Opening
Pool First
Spawn Locations
Cross Positions
Add a new tag
Caveats
  • Supply blocks, unpowered buildings, or Contaminate may cause inaccurate times.
  • Supply counts are checked every 10 seconds.